 Dungeon Crawl Stone Soup version 0.19-a0-929-g333bac9 (webtiles) character file.

4811 Gottschkopf the Thaumaturge (level 10, -2/50 HPs)
             Began as a Deep Elf Earth Elementalist on July 7, 2016.
             Was a Believer of Vehumet.
             Killed from afar by an orc wizard (9 damage)
             ... with a magic dart
             ... on level 8 of the Dungeon.
             The game lasted 00:29:29 (8229 turns).

Gottschkopf the Thaumaturge (DEEE)                  Turns: 8229, Time: 00:29:30

Health: -2/50      AC:  5    Str:  5    XL:     10   Next: 24%
Magic:  8/29       EV: 13    Int: 24    God:    Vehumet [**....]
Gold:   330        SH:  0    Dex: 15    Spells: 5 memorised, 21 levels left

rFire  . . .     SeeInvis .     b - 118 stones
rCold  . . .     Gourm    .     c - +0 robe
rNeg   . . .     Faith    .     (no shield)
rPois  .         Spirit   .     (no helmet)
rElec  .         Dismiss  .     v - +1 cloak
rCorr  .         Reflect  .     m - +0 pair of gloves
SustAt .         Harm     .     (no boots)
MR     ++...                    (no amulet)
Stlth  ++........               (no ring)
                                h - ring of protection from magic

@: very resistant to hostile enchantments, unstealthy
A: no striking features
a: Renounce Religion


You were on level 8 of the Dungeon.
You worshipped Vehumet.
Vehumet was pleased with you.
You were hungry.

You visited 2 branches of the dungeon, and saw 9 of its levels.

You collected 330 gold pieces.

Inventory:

Hand Weapons
 a - a +0 dagger
Missiles
 b - 118 stones (in hand)
Armour
 c - a +0 robe (worn)
 m - a +0 pair of gloves (worn)
 v - a +1 cloak (worn)
Jewellery
 h - a ring of protection from magic (left hand)
 t - an uncursed ring of fire
Wands
 s - a wand of teleportation (7/9)
Scrolls
 i - 2 scrolls of remove curse
 k - 3 scrolls of immolation
 l - a scroll of teleportation
Potions
 f - 3 potions of curing
 g - a potion of berserk rage
 j - 3 potions of brilliance
 q - 2 potions of agility
 r - 3 potions of heal wounds
 w - a potion of magic
Books
 e - a book of Geomancy

   Spells                             Type                      Level
   a - Sandblast                      Earth                        1
   b - Passwall                       Transmutation/Earth          2
   c - Stone Arrow                    Conjuration/Earth            3
   d - Petrify                        Transmutation/Earth          4
   e - Lee's Rapid Deconstruction     Earth                        5
 n - a book of Alchemy

   Spells                             Type                      Level
   a - Sublimation of Blood           Necromancy                   2
   b - Ignite Poison                  Fire/Transmutation/Poison    3
   c - Petrify                        Transmutation/Earth          4
   d - Alistair's Intoxication        Transmutation/Poison         5
   e - Irradiate                      Conjuration/Transmutation    5
Comestibles
 d - 9 bread rations
 o - 6 beef jerkies
 p - 5 meat rations
 u - 3 royal jellies


   Skills:
 - Level 2.4 Dodging
 - Level 2.4 Stealth
 - Level 13.2 Spellcasting
 - Level 6.0 Conjurations
 - Level 1.1 Transmutations
 + Level 4.8 Fire Magic
 - Level 9.7 Earth Magic


You had 21 spell levels left.
You knew the following spells:

 Your Spells              Type           Power        Failure   Level  Hunger
a - Sandblast             Erth           ######       1%          1    None
b - Stone Arrow           Conj/Erth      ######       1%          3    None
c - Petrify               Tmut/Erth      #####...     4%          4    None
d - Lee's Rapid Deconstr  Erth           ######....   1%          5    ###....
e - Flame Tongue          Conj/Fire      #####        1%          1    None


Dungeon Overview and Level Annotations

Branches:
Dungeon (8/15)             Temple (1/1) D:7            Lair (0/6) D:8

Altars:
Ashenzari
Cheibriados
Dithmenos
Elyvilon
Fedhas
Gozag
Hepliaklqana
Kikubaaqudgha
Makhleb
Nemelex Xobeh
Okawaru
Pakellas
Qazlal
Ru
Sif Muna
Trog
Uskayaw
Vehumet
Xom
Yredelemnul
Zin
The Shining One

Shops:
D:8 (


Message History

The orc wizard hits you but does no damage.
Something hits you.
* * * LOW HITPOINT WARNING * * *
The orc wizard gestures at you while chanting.
You resist with almost no effort.
Casting: Sandblast
Confirm with . or Enter, or press ? or * to list all spells.
Aiming: Sandblast
Press: ? - help, Shift-Dir - straight line, f - orc wizard
Aim: an orc wizard, wielding a dagger and wearing a robe (fast)
The rocky blast hits the orc wizard.
You kill the orc wizard!
Vehumet accepts your kill. Something hits you.
* * * LOW HITPOINT WARNING * * *
Something hits you.
* * * LOW HITPOINT WARNING * * *
A magic dart appears from out of thin air!
The magic dart hits you!
You die...

.......#
#...........))..####
.......# #.........#.....#
.......# ###.........##....#
.......# #..._.......##....#
.......###............#...##
.......##.[..............##
.#######.....⌠...........#
.# #..............#..#......
.# #..._..._@#>...####...../
#.........#.)..# #......
#.......###....# ......
#....†+.......## ....#
#.....#####...# ##...##..
...##### #..####)....... ###
#..............
#..............
###############


There were no monsters in sight!

Vanquished Creatures
  Grinder (D:6)
  Prince Ribbit (D:6)
  Sigmund (D:2)
  4 yaks (D:8)
  A hippogriff (D:8)
  A black bear (D:4)
  3 ice beasts
  2 sky beasts (D:7)
  5 ogres
  3 centaurs
  2 big kobolds (D:7)
  6 giant frogs
  4 scorpions
  5 killer bees (D:8)
  3 howler monkeys (D:7)
  3 centaur zombies
  3 crimson imps
  2 quasits (D:6)
  2 hounds
  2 orc priests (D:7)
  Crazy Yiuf (D:7)
  2 giant frog skeletons
  2 jellies
  9 orc wizards
  Jessica (D:2)
  2 iguanas
  3 worker ants (D:4)
  A hound zombie (D:5)
  4 worker ant zombies
  16 adders
  4 gnolls (D:6)
  2 shadow imps
  3 dart slugs
  2 giant geckos
  18 orcs
  A ball python (D:5)
  A giant cockroach (D:3)
  14 goblins
  5 hobgoblins
  17 jackals
  4 quokkas
  20 bats
  3 giant newts
  15 kobolds
  A quokka zombie (D:8)
  8 rats
213 creatures vanquished.

Vanquished Creatures (others)
  7 toadstools (D:1)
7 creatures vanquished.

Grand Total: 220 creatures vanquished

Notes
Turn   | Place    | Note
-------+----------+-------------------------------------------
     0 | D:1      | Gottschkopf the Deep Elf Earth Elementalist began the quest for the Orb.
     0 | D:1      | Reached XP level 1. HP: 10/10 MP: 6/6
   759 | D:1      | Reached XP level 2. HP: 15/15 MP: 6/8
   788 | D:1      | Reached skill level 4 in Spellcasting
  1293 | D:1      | You fall through a shaft!
  1581 | D:2      | Reached XP level 3. HP: 19/19 MP: 4/11
  1586 | D:2      | Learned a level 3 spell: Stone Arrow
  1651 | D:2      | Reached skill level 1 in Conjurations
  2063 | D:2      | Noticed Sigmund
  2072 | D:2      | Reached XP level 4. HP: 24/24 MP: 6/12
  2086 | D:2      | Killed Sigmund
  2086 | D:2      | Reached skill level 5 in Conjurations
  2086 | D:2      | Reached XP level 5. HP: 20/28 MP: 2/14
  2410 | D:2      | Noticed Jessica
  2411 | D:2      | Killed Jessica
  2927 | D:3      | Reached XP level 6. HP: 32/32 MP: 11/15
  3758 | D:4      | Reached skill level 5 in Earth Magic
  3824 | D:4      | Reached XP level 7. HP: 36/36 MP: 6/16
  3833 | D:4      | Learned a level 4 spell: Petrify
  3839 | D:4      | Learned a level 5 spell: Lee's Rapid Deconstruction
  4204 | D:5      | Entered Level 5 of the Dungeon
  4565 | D:5      | Reached XP level 8. HP: 41/41 MP: 11/17
  4879 | D:5      | Found a glowing golden altar of the Shining One.
  5170 | D:6      | Noticed Grinder
  5177 | D:6      | Killed Grinder
  5255 | D:6      | Reached skill level 5 in Spellcasting
  5259 | D:6      | Reached skill level 6 in Spellcasting
  5474 | D:6      | Reached skill level 7 in Spellcasting
  5548 | D:6      | Noticed Prince Ribbit
  5551 | D:6      | Killed Prince Ribbit
  5551 | D:6      | Reached skill level 8 in Spellcasting
  5551 | D:6      | Reached XP level 9. HP: 38/45 MP: 12/23
  5558 | D:6      | Reached skill level 9 in Spellcasting
  6431 | D:7      | Found a staircase to the Ecumenical Temple.
  6441 | Temple   | Entered the Ecumenical Temple
  6632 | Temple   | Became a worshipper of Vehumet
  6717 | D:7      | Reached skill level 10 in Spellcasting
  7074 | D:7      | Reached skill level 11 in Spellcasting
  7083 | D:7      | Reached * piety under Vehumet
  7083 | D:7      | Offered knowledge of Flame Tongue by Vehumet.
  7220 | D:7      | Learned a level 1 spell: Flame Tongue
  7409 | D:7      | Reached skill level 12 in Spellcasting
  7547 | D:7      | Found a runed door.
  7551 | D:7      | Noticed Crazy Yiuf
  7554 | D:7      | Killed Crazy Yiuf
  7637 | D:8      | Found Rufafuxe's Weapon Shoppe.
  7660 | D:8      | Found a staircase to the Lair.
  7789 | D:8      | Reached skill level 13 in Spellcasting
  7799 | D:8      | Reached XP level 10. HP: 17/50 MP: 22/29
  8031 | D:8      | Reached skill level 1 in Fire Magic
  8149 | D:8      | Found a sacrificial altar of Ru.
  8163 | D:8      | Found a deep blue altar of Sif Muna.
  8167 | D:8      | Found an iron altar of Okawaru.
  8193 | D:8      | Reached ** piety under Vehumet
  8204 | D:8      | Offered knowledge of Searing Ray by Vehumet.
  8229 | D:8      | Killed from afar by an orc wizard

Vault maps used:
D:1:      nagdon_arrival_double_spiral
D:2:      uniq_sigmund, uniq_jessica
D:4:      black_bear_nest_1, first_bread
D:5:      nicolae_overflow_crystal_walls, minmay_ogre_servants
D:6:      uniq_prince_ribbit1, uniq_grinder
D:7:      st_stairs_5, uniq_crazy_yiuf_cottage
D:8:      minmay_flawed_box, grunt_temple_overflow_open,
          due_lair_maze_entry_diamond, serial_shops,
          nicolae_shop_window_shopping, grunt_ogre_cave
Temple:   dpeg_five_rooms_temple

Skill      XL: |  1  2  3  4  5  6  7  8  9 10 |
---------------+-------------------------------+-----
Spellcasting   | 4 8 13 | 13.2
Conjurations   | 2 5 6 |  6.0
Earth Magic    | 5 8 9 |  9.7
Fire Magic     | 4 |  4.8
Dodging        | |  2.4
Stealth        | |  2.4
Transmutations | |  1.1

Action                   |  1- 3 |  4- 6 |  7- 9 | 10-12 || total
-------------------------+-------+-------+-------+-------++-------
Melee: Unarmed           |     4 |       |       |       ||     4
       Dagger            |       |    10 |       |       ||    10
 Cast: Sandblast         |    68 |    28 |   145 |    19 ||   260
       Stone Arrow       |     4 |    22 |    70 |    11 ||   107
       Petrify           |       |       |     1 |       ||     1
  Use: Potion            |       |     1 |     1 |       ||     2
       Scroll            |       |       |    15 |       ||    15
 Stab: Sleeping          |       |     2 |       |       ||     2
  Eat: Chunk             |     3 |     7 |    13 |     1 ||    24
Armor: Robe              |    11 |     5 |    13 |     4 ||    33
Dodge: Dodged            |    47 |    34 |    56 |    13 ||   150
